 Dungeon Crawl Stone Soup version 0.24-a0-618-ge4662a2 (webtiles) character file.

Game seed: 7935341221135184944, levelgen mode: deterministic

305 BoppinsLewinski the Chopper (level 6, -3/47 HPs)
             Began as a Barachi Fighter on Sept 15, 2019.
             Killed by nerve-wracking pain
             ... invoked by Grinder
              (10 damage)
             ... while paralysed by Grinder
             ... on level 4 of the Dungeon.
             The game lasted 00:06:27 (2197 turns).

BoppinsLewinski the Chopper (Barachi Fighter)       Turns: 2197, Time: 00:06:27

Health: -3/47      AC:  6    Str: 20    XL:     6   Next: 39%
Magic:  6/6        EV:  2    Int:  8    God:
Gold:   101        SH:  0    Dex: 11    Spells: 5/5 levels left

rFire    + . .     SeeInvis .   a - +0 war axe
rCold    + . .     Gourm    .   c - +0 shield
rNeg     . . .     Faith    .   b - +0 scale mail
rPois    +         Spirit   .   (no helmet)
rElec    +         Reflect  .   (no cloak)
rCorr    +         Harm     .   (no gloves)
MR       .....                  (no boots)
Stlth    ..........             (no amulet)
HPRegen  0.15/turn              (no ring)
MPRegen  0.10/turn              (no ring)

@: paralysed, resistant, very slightly contaminated, invisible, slow
A: +LOS, swims, slowness 1, strong legs 1
a: Hop


You were on level 4 of the Dungeon.
You were not hungry.

You visited 1 branch of the dungeon, and saw 6 of its levels.

You collected 101 gold pieces.

Inventory:

Hand Weapons
 a - a +0 war axe (weapon)
Armour
 b - a +0 scale mail (worn)
 c - a +0 shield (worn)
Jewellery
 j - an uncursed ring of ice {unknown}
Wands
 i - a wand of flame (13)
Scrolls
 e - 4 scrolls of identify {unknown}
 h - a scroll of magic mapping {unknown}
 l - a scroll of remove curse {unknown}
Potions
 d - a potion of might
 g - 2 potions of cancellation
Comestibles
 f - 5 rations
 n - 2 chunks of flesh


   Skills:
 - Level 3.6 Fighting
 * Level 7.2 Axes
 - Level 3.6 Armour
 - Level 3.2 Shields


You had 5 spell levels left.
You didn't know any spells.
Your spell library was empty.

Dungeon Overview and Level Annotations

Branches:
Dungeon (6/15)
 Temple: D:4-7

Altars:
Hepliaklqana
Nemelex Xobeh
Ru
Vehumet

Annotations:
D:4 Grinder


Innate Abilities, Weirdness & Mutations

Shadows flee at your approach. (+LOS)
You can swim through water.
You cover ground slowly.
You can hop short distances.


Message History

Grinder be severely wounded.
Grinder gestures at ye.
Ye sudd'nly lose tha ability ta move!
Grinder hits ye!
Ye writha in agony.
* * * LOW HITPOINT WARNIN'
* * * Grinder gestures at ye.
Pain shoots through yer body!
* * * LOW HITPOINT WARNIN'
* * * Grinder blinks!
Ye can move again.
Unknown command.
It was a potion o' resistance.
Ye feel protected.
Ye be too injured ta fight recklessly!
Unknown command.
Grinder gestures at ye.
Ye sudd'nly lose tha ability ta move!
Grinder gestures at ye.
Pain shoots through yer body!
Ye die...

#.....†......#.≈.#
#............#...#######
..............≈.≈.≈.....>
#..####.#.###..≈.≈....###
## #.#.###....###..##
#.#....##### #...#
#......# #...#
#..############..#
#.@....5.........#
#.#.############.# #.#.#
..# #+#.# ### ..# ...#
#...# #.#.. #.###


You could see Grinder.

Vanquished Creatures
  An ice beast (D:6)
  An iguana (D:6)
  Terence (D:3)
  2 worker ants
  4 adders
  2 worms
  2 dart slugs
  A leopard gecko (D:3)
  An orc (D:2)
  A ball python (D:3)
  3 giant cockroaches
  8 hobgoblins
  7 jackals (D:3)
  3 quokkas
  4 bats (D:1)
  5 frilled lizards
  3 goblins
  4 kobolds
  11 rats
64 creatures vanquished.

Notes
Turn   | Place    | Note
-------+----------+-------------------------------------------
     0 | D:1      | BoppinsLewinski the Barachi Fighter began the quest for the
                  | Orb.
     0 | D:1      | Reached XP level 1. HP: 18/18 MP: 1/1
   123 | D:1      | Reached XP level 2. HP: 18/24 MP: 2/2
   134 | D:1      | Reached skill level 3 in Axes
   449 | D:2      | Reached XP level 3. HP: 26/29 MP: 3/3
   528 | D:2      | Reached skill level 4 in Axes
   999 | D:2      | You fall into a shaft and drop 2 floors!
  1052 | D:3      | Reached XP level 4. HP: 34/36 MP: 4/4
  1260 | D:3      | Noticed Terence
  1275 | D:3      | Killed Terence
  1275 | D:3      | Reached skill level 5 in Axes
  1401 | D:3      | Reached XP level 5. HP: 36/41 MP: 5/5
  1646 | D:3      | You fall into a shaft and drop 3 floors!
  1663 | D:6      | Noticed an ice beast
  1677 | D:6      | Killed an ice beast
  1677 | D:6      | Reached skill level 6 in Axes
  1677 | D:6      | Reached XP level 6. HP: 37/47 MP: 6/6
  1948 | D:6      | Found a sparkling altar of Nemelex Xobeh.
  1964 | D:6      | Found a hazy altar of Hepliaklqana.
  1973 | D:6      | Reached skill level 7 in Axes
  1974 | D:6      | Found a radiant altar of Vehumet.
  2005 | D:5      | Entered Level 5 of the Dungeon
  2025 | D:4      | Found a sacrificial altar of Ru.
  2161 | D:4      | Noticed Grinder
  2167 | D:4      | Paralysed by Grinder for 5 turns
  2181 | D:4      | Paralysed by Grinder for 5 turns
  2190 | D:4      | Paralysed by Grinder for 5 turns
  2196 | D:4      | Paralysed by Grinder for 4 turns
  2197 | D:4      | Killed from afar by Grinder

Levels and vault maps discovered:
D:1:      lightli_arrival_lavapool, layout_rooms
D:2:      kennysheep_six_static_rooms, layout_basic,
          nicolae_overflow_crystal_walls, old_standard_altar, minmay_hedge_maze,
          kennysheep_flooded_box, skrybe_limestone_x
D:3:      layout_loops_corners, first_ration, gup_sewer_entry_bubbles,
          uniq_terence
D:4:      layout_basic, nicolae_overflow_hidden_temple, kennysheep_little_box,
          nicolae_ru_path_of_blood, uniq_grinder
D:5:      layout_cave_pools, kennysheep_mini, minmay_increasing_density
D:6:      hangedman_cross_stitches, layout_gridville, lemuel_doored_altar,
          grunt_temple_overflow_open, nicolae_gozag_seed_capital, serial_shops,
          nicolae_shop_crystal, hangedman_decor_opposing

Skill      XL: |  1  2  3  4  5  6 |
---------------+-------------------+-----
Axes           | 3 4 5 6 7 |  7.2
Fighting       | |  3.6
Armour         | |  3.6
Shields        | |  3.2

Action                   |  1- 3 |  4- 6 || total
-------------------------+-------+-------++-------
Melee: War axe           |   121 |   116 ||   237
  Use: Potion            |     3 |     3 ||     6
  Eat: Chunk             |     1 |     4 ||     5
Armor: Scale mail        |    61 |    53 ||   114
Dodge: Dodged            |    29 |    33 ||    62
Block: Shield            |    60 |    53 ||   113

Table legend:
 A = Non-vault XP
 B = Vault XP
 C = Vault XP percentage of total XP
 D = Non-vault monster count
 E = Vault monster count
 F = Vault count percentage of total count
                 A         B        C        D         E       F
            +---------+---------+-------+---------+---------+-------
      Total |     391 |      45 |  10.3 |      58 |       6 |   9.4
            +---------+---------+-------+---------+---------+-------
        D:1 |      28 |       0 |   0.0 |      19 |       0 |   0.0
        D:2 |      32 |       9 |  22.0 |      10 |       5 |  33.3
        D:3 |      86 |      36 |  29.5 |      22 |       1 |   4.3
        D:4 |      39 |       0 |   0.0 |       2 |       0 |   0.0
        D:6 |     206 |       0 |   0.0 |       5 |       0 |   0.0
            +---------+---------+-------+---------+---------+-------
